 Dungeon Crawl Stone Soup version 0.31-a0-261-g072fdb8a1f (webtiles) character file.

Game seed: 6525235496363164182

165 qw the Shooter (level 5, -7/31 HPs)
             Began as a Gargoyle Hexslinger on July 13, 2023.
             Mangled by a mummy (12 damage)
             ... in an ossuary.
             The game lasted 00:01:01 (2241 turns).

qw the Shooter (Gargoyle Hexslinger)                Turns: 2241, Time: 00:01:02

Health: -7/31      AC: 13    Str:  9 (11) XL:     5   Next: 46%
Magic:  6/6        EV: 10    Int: 13 (14) God:
Gold:   92         SH:  0    Dex: 12 (14) Spells: 5/6 levels left

rFire   . . .        Y - +1 sling
rCold   + . .        (no shield)
rNeg    + . .        c - +0 ring mail
rPois   inf          (no helmet)
rElec   +            (no cloak)
rCorr   .            (no gloves)
SInv    .            (no boots)
Will    .....        (no amulet)
Stlth   +            b - +4 ring of protection
HPRegen 0.25/turn    f - ring of protection from cold
MPRegen 0.10/turn

%: no passive effects
@: no status effects
A: sickness immunity, AC +4, negative energy resistance 1, electricity
resistance, torment resistance 1, petrification resistance
a: no special abilities


You were in an ossuary.
You visited 1 branch of the dungeon, and saw 4 of its levels.
You also visited: Ossuary.

You collected 92 gold pieces.


Innate Abilities, Weirdness & Mutations

You are immune to sickness and miasma.
Your stone body is resilient. (AC +4)
You are immune to poison.
You resist negative energy. (rN+)
You are resistant to electric shocks. (rElec)
You are resistant to unholy torment.
You are immune to petrification.


   Skills:
 - Level 2.3 Fighting
 - Level 5.0 Ranged Weapons
 + Level 0.9 Armour
 - Level 1.5 Dodging
 - Level 1.0 Spellcasting
 - Level 2.6 Hexes


You had 5 spell levels left.
You knew the following spells:

 Your Spells              Type           Power      Damage    Failure   Level
a - Slow                  Hex            28%        N/A       26%         1

Your spell library contained the following spells:

 Spells                   Type           Power      Damage    Failure   Level
 Inner Flame              Hex/Fire       4%         N/A       80%         3
 Portal Projectile        Hex/Tloc       8%         N/A       80%         3
 Cause Fear               Hex            3%         N/A       95%         4

Inventory:

Hand Weapons
 Y - a +1 sling (weapon)
Armour
 c - a +0 ring mail (worn)
Jewellery
 b - a +4 ring of protection (left hand)
 f - a ring of protection from cold (right hand)
Scrolls
 a - a scroll of enchant armour
 h - 3 scrolls of identify
Potions
 d - a potion of cancellation
 j - a potion of enlightenment

Dungeon Overview and Level Annotations

Branches:
Dungeon (4/15)            Ossuary (1/1)
 Temple: D:4-7

Altars:


Message History

You shoot a sling bullet.
The sling bullet barely misses the mummy.
You shoot a sling bullet.
The sling bullet hits the mummy but does no damage.
The mummy is heavily damaged.
The mummy hits you.
You shoot a sling bullet. The sling bullet hits the mummy.
The mummy is severely damaged.
You shoot a sling bullet. The sling bullet hits the mummy!
You destroy the mummy!
You shoot a sling bullet.
The sling bullet completely misses the mummy.
You shoot a sling bullet. The sling bullet hits the mummy.
The mummy is lightly damaged.
You shoot a sling bullet. The sling bullet hits the gnoll zombie.
The gnoll zombie is moderately damaged.
You shoot a sling bullet.
The sling bullet hits the mummy but does no damage.
The mummy is lightly damaged.
You shoot a sling bullet.
The sling bullet barely misses the gnoll zombie.
You shoot a sling bullet. The sling bullet hits the gnoll zombie.
The gnoll zombie is moderately damaged.
You shoot a sling bullet.
The sling bullet barely misses the gnoll zombie.
The gnoll zombie misses you.
You shoot a sling bullet. The sling bullet hits the gnoll zombie!
The gnoll zombie is severely damaged.
The mummy barely misses you. The gnoll zombie closely misses you.
The hobgoblin zombie barely misses you.
You shoot a sling bullet. The sling bullet hits the gnoll zombie.
You destroy the gnoll zombie!
The mummy hits you.
The hobgoblin zombie closely misses you.
The gnoll zombie closely misses you.
You shoot a sling bullet. The sling bullet hits the mummy.
The mummy is moderately damaged.
The hobgoblin zombie hits you but does no damage.
The gnoll zombie hits you. The mummy hits you!
You die...

#..............
#.................
#.....##..........
#..... ..........
#..... ..........
#..... ..........
#..# ..........
#M.# ......ZZZ.
#@.# .....ZZ\Z.
#ZZ# ......ZZZ.
#Z.# ......ZZ..
#.... ..........
#.....# ..........
#.....# ..........
#.................
#.................
####.....


You could see a mummy, a jackal zombie, a hobgoblin zombie and a gnoll zombie.

Vanquished Creatures
  A howler monkey (D:3)
  A mummy (Ossuary)
  3 adders (D:3)
  A worm (D:3)
  7 dart slugs
  2 orcs
  2 endoplasms (D:1)
  4 giant cockroaches
  A gnoll zombie (Ossuary)
  6 goblins
  8 hobgoblins
  6 jackals
  3 quokkas
  7 ball pythons
  5 bats
  6 frilled lizards
  3 kobolds
  4 rats
  A rat zombie (Ossuary)
71 creatures vanquished.

Notes
Turn   | Place    | Note
-------+----------+-------------------------------------------
     0 | D:1      | qw the Gargoyle Hexslinger began the quest for the Orb.
     0 | D:1      | Reached XP level 1. HP: 12/12 MP: 2/2
     0 | D:1      | 0 ||| qw: Version: 0.3-a-52-g30416fa
     0 | D:1      | 0 ||| qw: Game counter: 7012
     0 | D:1      | 0 ||| qw: Melee chars always use a shield: true
     0 | D:1      | 0 ||| qw: God list: Okawaru
     0 | D:1      | 0 ||| qw: Allow faded altars: false
     0 | D:1      | 0 ||| qw: Do Orc after clearing Dungeon:15 true
     0 | D:1      | 0 ||| qw: Do second Lair branch before Depths: true
     0 | D:1      | 0 ||| qw: Lair rune preference: random
     0 | D:1      | 0 ||| qw: Goals: Normal
     0 | D:1      | 0 ||| PLANNING D:1-11
    62 | D:1      | Reached XP level 2. HP: 16/16 MP: 3/3
   147 | D:1      | Reached skill level 3 in Ranged Weapons
   267 | D:1      | Reached XP level 3. HP: 20/21 MP: 4/4
   589 | D:1      | 589 ||| READING scroll labelled SETELI GUHU.
   590 | D:1      | 590 ||| READING scroll labelled PYEMNO LIHIUBU.
   591 | D:1      | 591 ||| READING scroll labelled ELICE DO XEAK.
   594 | D:1      | 594 ||| READING scroll labelled VAGEOCLEO IBBU.
   595 | D:1      | 595 ||| READING 2 scrolls labelled DUN WUELOPNU.
   596 | D:1      | 596 ||| READING scroll labelled TAVVUSM DENLA.
   597 | D:1      | 597 ||| DROPPING scroll of poison.
  1164 | D:2      | Reached XP level 4. HP: 26/26 MP: 5/5
  1242 | D:2      | 1242 ||| UPGRADING to +4 ring of protection.
  1243 | D:2      | 1243 ||| DRINKING 2 glowing purple potions.
  1333 | D:3      | Reached skill level 4 in Ranged Weapons
  1449 | D:3      | Reached XP level 5. HP: 30/30 MP: 6/6
  1644 | D:3      | Found a faded altar of an unknown god.
  1653 | D:3      | Reached skill level 5 in Ranged Weapons
  2011 | D:3      | 2011 ||| UPGRADING to +0 leather armour.
  2021 | D:3      | 2021 ||| DROPPING +0 robe.
  2022 | D:3      | 2022 ||| READING 3 scrolls labelled JOUNIN BUSIEPT.
  2123 | D:3      | 2123 ||| DRINKING 2 dark potions.
  2124 | D:3      | 2124 ||| READING 4 scrolls of identify.
  2124 | D:3      | 2124 ||| IDENTIFYING pink potion
  2125 | D:3      | 2125 ||| DROPPING potion of degeneration.
  2126 | D:3      | 2126 ||| DROPPING 2 scrolls of silence.
  2148 | D:4      | 2148 ||| PLANNING OSSUARY
  2180 | D:4      | Found a sand-covered staircase.
  2181 | D:4      | 2181 ||| UPGRADING to +0 ring mail.
  2191 | D:4      | 2191 ||| DROPPING +0 leather armour.
  2192 | D:4      | 2192 ||| UPGRADING to ring of protection from cold.
  2197 | Ossuary  | Entered an ossuary
  2214 | Ossuary  | HP: 6/31 [adder zombie (3)]
  2215 | Ossuary  | 2215 ||| READING 2 scrolls of teleportation.
  2219 | Ossuary  | 2219 ||| READING scroll of teleportation.
  2222 | Ossuary  | 2222 ||| FLEEEEING.
  2229 | Ossuary  | HP: 4/31 [mummy (6)]
  2240 | Ossuary  | HP: 7/31 [mummy (1)]
  2241 | Ossuary  | Mangled by a mummy

Levels and vault maps discovered:
D:1:      scummos_arrival_checkerplants, layout_loops_ring
D:2:      minmay_door_path, layout_rooms, minmay_misc_feat_roman,
          grunt_ministairs_14
D:3:      layout_basic, hellmonk_ecumenical_altar_dog_temple,
          serial_bayou_pond_b
D:4:      minmay_inner_zag, layout_loops_ring, minmay_temple_entry_wispy,
          enter_ossuary_5, minmay_cut_off
Ossuary:  ossuary_minmay_tomb_2a

Skill      XL: |  1  2  3  4  5 |
---------------+----------------+-----
Ranged Weapons | 3 4 5 |  5.0
Fighting       | 2 |  2.3
Armour         | |  0.9
Dodging        | |  1.5
Spellcasting   | |  1.0
Hexes          | |  2.6

Action                     |  1- 3 |  4- 6 || total
---------------------------+-------+-------++-------
   Fire: Sling             |   122 |   140 ||   262
    Use: Scroll            |     6 |     4 ||    10
         Potion            |       |     2 ||     2
 Armour: Robe              |    11 |    19 ||    30
         Ring mail         |       |    72 ||    72
         Leather armour    |       |     3 ||     3
  Dodge: Dodged            |    21 |   108 ||   129

Table legend:
 A = Non-vault XP
 B = Vault XP
 C = Vault XP percentage of total XP
 D = Non-vault monster count
 E = Vault monster count
 F = Vault count percentage of total count
                 A         B        C        D         E       F
            +---------+---------+-------+---------+---------+-------
      Total |     182 |      54 |  22.9 |      58 |      13 |  18.3
            +---------+---------+-------+---------+---------+-------
        D:1 |      43 |       0 |   0.0 |      23 |       0 |   0.0
        D:2 |      33 |       6 |  15.4 |      20 |       2 |   9.1
        D:3 |     102 |      29 |  22.1 |      14 |       8 |  36.4
        D:4 |       4 |       0 |   0.0 |       1 |       0 |   0.0
    Ossuary |       0 |      19 | 100.0 |       0 |       3 | 100.0
            +---------+---------+-------+---------+---------+-------
